 Dungeon Crawl Stone Soup version 0.30-a0-50-gb2d611f6b1 (webtiles) character file.

Game seed: 11078371075158687574

777 LnG the Chopper (level 7, -5/61 HPs)
             Began as a Hill Orc Fighter on Sept 3, 2022.
             Succumbed to an orc's poison
             ... on level 4 of the Dungeon.
             The game lasted 00:13:26 (3926 turns).

LnG the Chopper (Hill Orc Fighter)                  Turns: 3926, Time: 00:13:27

Health: -5/61      AC:  9    Str: 21    XL:     7   Next: 84%
Magic:  7/7        EV: 13    Int:  8    God:
Gold:   244        SH:  5    Dex: 10    Spells: 6/6 levels left

rFire   . . .      SeeInvis .    a - +0 war axe
rCold   . . .      Faith    .    c - +0 buckler
rNeg    + . .      Spirit   .    b - +0 scale mail
rPois   .          Reflect  .    h - +0 helmet
rElec   .          Harm     .    (no cloak)
rCorr   .          Rampage  .    v - +0 pair of gloves
Will    .....                    (no boots)
Stlth   ..........               m - amulet of regeneration
HPRegen 1.00/turn                k - +4 ring of evasion
MPRegen 0.10/turn                i - ring of positive energy

@: lethally poisoned (-5 -> -21)
A: no striking features
a: no special abilities


You were on level 4 of the Dungeon.
You visited 2 branches of the dungeon, and saw 6 of its levels.

You collected 244 gold pieces.

Inventory:

Hand Weapons
 a - a +0 war axe (weapon)
Armour
 b - a +0 scale mail (worn)
 c - a +0 buckler (worn)
 h - a +0 helmet (worn)
 r - a +2 pair of gloves
 v - a +0 pair of gloves (worn)
Jewellery
 i - a ring of positive energy (right hand)
 k - a +4 ring of evasion (left hand)
 m - an amulet of regeneration (around neck)
Wands
 o - a wand of roots (8)
 t - a wand of mindburst (6)
Scrolls
 j - a scroll of amnesia
 l - a scroll of noise
 p - a scroll of teleportation
Potions
 d - a potion of might
 e - 2 potions of attraction
 f - 2 potions of mutation
 g - a potion of heal wounds
 n - a potion of cancellation
 q - a potion of curing {unknown}
 s - a potion of haste {unknown}
 u - a potion of flight {unknown}


   Skills:
 + Level 5.0 Fighting
 + Level 7.5 Axes
 + Level 5.3 Armour
 + Level 1.5 Dodging
 + Level 0.4 Stealth
 + Level 4.9 Shields


You had 6 spell levels left.
You didn't know any spells.
Your spell library was empty.

Dungeon Overview and Level Annotations

Branches:
Dungeon (5/15)             Temple (1/1) D:5

Altars:
Dithmenos
Elyvilon
Fedhas
Hepliaklqana
Okawaru
Qazlal
Trog
Vehumet
Wu Jian
Xom
Zin
The Shining One

Annotations:
D:3 Dowan, Duvessa


Message History

You are more poisoned.
The orc wizard hits you but does no damage.
You feel very sick. The orc wizard closely misses you.
The orc wizard hits you with a +0 dagger.
The orc misses you.
You closely miss the orc wizard.
The orc wizard is heavily wounded.
You barely miss the orc wizard.
You feel very sick. The orc wizard closely misses you.
The orc wizard hits you but does no damage.
The orc misses you.
You slash the orc wizard!
You kill the orc wizard!
You hit the orc wizard but do no damage.
You feel less confused.
You feel very sick. The orc misses you.
The orc wizard hits you with a +0 dagger.
You hit the orc wizard but do no damage.
You feel very sick.
The orc hits you from afar with a +2 trident of venom.
* * * LOW HITPOINT WARNING * * *
You block the orc wizard's attack. The orc hits you but does no damage.
You are more poisoned.
The orc wizard hits you but does no damage.
The orc wizard attacks as you move away!
The orc wizard hits you but does no damage.
You feel very sick.
The orc hits you from afar with a +2 trident of venom.
* * * LOW HITPOINT WARNING * * *
You are more poisoned.
There is a stone staircase leading up here.
* * * LOW HITPOINT WARNING * * *
You feel extremely sick. The orc closely misses you.
The orc wizard hits you but does no damage.
You climb upwards.
You die...

#.#####.......# #.........#...#
##.##....##.#### ##...........##
#......###..# ###............
#......# #.## #.......<..####
#......# #.# ##.####.....###.
#......# #.# ##..####..#####..
#......# #.# ##...............#
#......# #.# ##[.............###
#......###.# ##.@)..........)†.#
.........#.###.o#†.............##
.#.#####....##[##................
...............................##
.#.#.#.#.#.#.####..............##
.......[.....# #..>.............
...⌠.....⌠...####................
......_..............####.#......
...⌠.....⌠...#..##..## #........


You could see an orc wizard.

Vanquished Creatures
  A water moccasin (D:5)
  An ice beast (D:5)
  A centaur (D:5)
  A gnoll sergeant (D:5)
  A scorpion (D:5)
  A howler monkey (D:3)
  An orc priest (D:4)
  4 iguanas
  Ijyb (D:3)
  An orc wizard (D:5)
  3 gnolls (D:5)
  3 adders
  2 worms (D:2)
  10 orcs
  13 ball pythons
  6 bats
  5 endoplasms
  3 giant cockroaches
  8 goblins
  9 hobgoblins
  2 quokkas
  5 frilled lizards
  13 kobolds
  A rat (D:2)
  A bush (Temple)
97 creatures vanquished.

Vanquished Creatures (others)
  A plant (Temple)
1 creature vanquished.

Grand Total: 98 creatures vanquished

Notes
Turn   | Place    | Note
-------+----------+-------------------------------------------
     0 | D:1      | LnG the Hill Orc Fighter began the quest for the Orb.
     0 | D:1      | Reached XP level 1. HP: 19/19 MP: 1/1
    63 | D:1      | Reached XP level 2. HP: 22/27 MP: 2/2
   674 | D:1      | Reached XP level 3. HP: 26/33 MP: 3/3
   785 | D:1      | Found a faded altar of an unknown god.
   991 | D:2      | Reached skill level 3 in Axes
  1133 | D:2      | Reached XP level 4. HP: 36/40 MP: 4/4
  2102 | D:4      | Reached skill level 4 in Axes
  2127 | D:3      | Reached XP level 5. HP: 46/46 MP: 5/5
  2163 | D:3      | Noticed Ijyb
  2216 | D:3      | Killed Ijyb
  2696 | D:4      | Reached skill level 5 in Axes
  2696 | D:4      | Reached skill level 1 in Dodging
  2833 | D:4      | Found a white marble altar of Elyvilon.
  2879 | D:4      | Noticed Duvessa
  2881 | D:4      | Noticed Dowan
  2894 | D:3      | Reached XP level 6. HP: 53/53 MP: 6/6
  3173 | D:5      | Entered Level 5 of the Dungeon
  3177 | D:5      | Noticed an ice beast
  3192 | D:5      | Killed an ice beast
  3388 | D:5      | Reached skill level 6 in Axes
  3481 | D:5      | Found a blossoming altar of Fedhas.
  3523 | D:5      | Found a staircase to the Ecumenical Temple.
  3523 | D:5      | Noticed a water moccasin
  3537 | D:5      | Reached XP level 7. HP: 56/60 MP: 7/7
  3556 | Temple   | Entered the Ecumenical Temple
  3794 | D:5      | Reached skill level 7 in Axes
  3794 | D:5      | Reached skill level 5 in Armour
  3896 | D:4      | Reached skill level 5 in Fighting
  3925 | D:5      | HP: 1/61 [poisoned by an orc]
  3926 | D:4      | Succumbed to an orc's poison

Illustrated notes

Levels and vault maps discovered:
D:1:      wander_arrival_abandoned_jail, layout_basic,
          hellmonk_ecumenical_altar_inner_sanctum, minmay_distorted
D:2:      layout_basic, kennysheep_generic_room_14
D:3:      layout_rooms, uniq_ijyb
D:4:      layout_rooms, elyvilon_altar_5, uniq_duvessa
D:5:      layout_gridville, nicolae_overflow_hidden_temple,
          mainiacjoe_overflow_catwalk, minmay_temple_entry_drinking_statues,
          serial_rivers, chequers_serial_rivers_small_3,
          chequers_serial_rivers_micro_c, chequers_serial_rivers_marsh,
          chequers_serial_rivers_micro_a, chequers_serial_rivers_micro_d,
          chequers_serial_rivers_small_a
Temple:   cyrus_temple_forest

Skill      XL: |  1  2  3  4  5  6  7 |
---------------+----------------------+-----
Shields        | 4 |  4.9
Axes           | 3 4 5 6 7 |  7.5
Fighting       | 4 5 |  5.0
Armour         | 4 5 |  5.3
Dodging        | 1 |  1.5
Stealth        | |  0.4

Action                   |  1- 3 |  4- 6 |  7- 9 || total
-------------------------+-------+-------+-------++-------
Melee: War axe           |    76 |   197 |   102 ||   375
  Use: Scroll            |     1 |    12 |       ||    13
Armor: Scale mail        |    30 |    69 |    29 ||   128
Dodge: Dodged            |    33 |   158 |    45 ||   236
Block: Buckler           |    27 |    50 |    11 ||    88

Table legend: (Time is in decaauts)
 A = Elapsed time spent in this place.
 B = Non-inter-level travel time spent in this place.
 C = Inter-level travel time spent in this place.
 D = Time resting spent in this place.
 E = Time spent auto-exploring this place.
 F = Levels seen in this place.
 G = Mean time per level.
                   A        B        C        D        E       F      G
               +--------+--------+--------+--------+--------+-----+--------+
         Total |   4049 |   3910 |    139 |    495 |   1797 |   6 |  674.8 |
       Dungeon |   3885 |   3746 |    139 |    495 |   1797 |   5 |  777.0 |
        Temple |    164 |    164 |      0 |      0 |      0 |   1 |  164.0 |
               +--------+--------+--------+--------+--------+-----+--------+

Top non-repeatable levels by time:
     D:1: 953 daAuts
     D:2: 900 daAuts
     D:4: 800 daAuts
     D:3: 643 daAuts
     D:5: 586 daAuts
  Temple: 164 daAuts
